Map: Apotheose LE

Players

PRØToss - Winner!

  • Race: Terran Terran

Basse

  • Race: Zerg Zerg

VOD

Have the link to the VOD?

Description

Time

  • Played on: Sept. 24, 2016, 2:57 a.m.
  • Length: 10:35
Show
View Real Time Build Order
Export as new Build Order

PRØToss Terran - Winner!

Build Orders: Reaper Expand, MMM Bio 

Get SALT Encoding   

  12  0:01  SCV  
  13  0:13  SCV  
  14  0:17  Supply Depot  
  14  0:25  SCV  
  15  0:39  SCV  
  15  0:40  Barracks  
  16  0:50  Refinery  
  16  0:51  SCV  
  17  1:07  SCV  
  18  1:19  SCV  
  19  1:32  Orbital Command  
  19  1:34  Reaper  
  20  1:42  Command Center  
  20  1:50  Supply Depot  
  20  1:58  SCV  
  21  2:07  Marine  
  22  2:10  SCV  
  23  2:15  Factory  
  23  2:17  Refinery  
  24  2:22  SCV  
  24  2:25  Marine  
  25  2:31  Barracks  
  25  2:39  SCV  
  26  2:50  Barracks Reactor  
  25  2:56  Bunker  
  25  2:57  Orbital Command  
  25  3:00  SCV  
  25  3:02  Factory Reactor  
  26  3:09  Starport  
  26  3:12  SCV  
  27  3:20  Barracks Tech Lab  
  27  3:26  Refinery, Marine  
  27  3:27  Marine  
  28  3:28  SCV  
  28  3:31  SCV  
  31  3:40  Stimpack, SCV  
  32  3:43  SCV  
  32  3:44  Marine  
  32  3:45  Marine x2  
  36  3:53  SCV  
  36  3:55  Widow Mine, SCV  
  38  3:57  Medivac  
  38  4:02  Marine  
  42  4:03  Marine  
  42  4:05  SCV  
  42  4:08  SCV  
  46  4:14  Medivac  
  48  4:17  Supply Depot  
  48  4:21  Supply Depot  
  48  4:23  SCV x2  
  50  4:25  Marine x3  
  53  4:35  SCV  
  53  4:38  Factory Tech Lab  
  54  4:39  SCV  
  54  4:45  Barracks  
  55  4:54  Marine  
  55  4:55  Marine x2  
  55  4:56  Medivac x2  
  55  4:58  Siege Tank  
  65  5:01  SCV  
  65  5:02  SCV  
  67  5:10  Engineering Bay  
  67  5:13  Engineering Bay  
  67  5:16  Supply Depot  
  67  5:19  SCV x2  
  69  5:35  Siege Tank  
  76  5:39  Command Center  
  66  6:03  Marine x3  
  70  6:05  Combat Shields  
  70  6:07  Barracks Reactor  
  70  6:08  Terran Infantry Weapons Level 1, Terran Infantry Armor Level 1  
  70  6:09  SCV x2  
  71  6:12  Refinery  
  71  6:19  Barracks  
  71  6:21  Barracks  
  71  6:23  Barracks  
  71  6:25  Barracks, Armory  
  71  6:28  SCV  
  71  6:30  SCV  
  73  6:50  Marine x4  
  73  6:51  Marine  
  73  6:52  Medivac, Siege Tank  
  73  6:54  Medivac  
  85  6:58  Orbital Command  
  84  7:28  Marine  
  84  7:29  Marine x2  
  85  7:31  Barracks Reactor x3  
  85  7:32  Concussive Shells, Barracks Reactor  
  85  7:34  Marauder, Marine  
  91  7:37  Medivac, Siege Tank  
  91  7:39  SCV  
  91  7:40  SCV x2  
  96  7:46  Marine x3  
  96  7:49  Supply Depot  
  96  7:50  Supply Depot  
  99  7:51  SCV  
  99  7:52  Supply Depot, SCV  
  99  7:53  Supply Depot  
  99  7:55  Supply Depot  
  101  8:10  Marine x7, SCV  
  101  8:11  Marine x6  
  115  8:13  Siege Tank  
  115  8:14  SCV  
  115  8:15  SCV  
  115  8:18  Terran Infantry Weapons Level 2  
  120  8:28  Marine x5  
  120  8:29  Marine x8  
  133  8:46  Marine x4  
  137  8:55  Marine x4  
  141  9:12  Marine x10, Medivac, Siege Tank  
  141  9:13  Marine x3  
  141  9:14  Supply Depot  
  141  9:15  Supply Depot  
  141  9:16  Supply Depot  
  159  9:30  Marine x6  
  165  9:35  Marine x2  
  167  9:53  Marine x10  
  167  9:54  Marine x3  
  167  9:55  Medivac x2, Siege Tank  
  167  9:58  SCV x2  
  189  10:12  Marine  
  189  10:14  Marine x2  
  189  10:15  Marine  
  189  10:16  Marine  
Show
View Real Time Build Order
Export as new Build Order

Basse Zerg 

Build Orders: Pool First 

Get SALT Encoding   

  12  0:23  Drone x2  
  12  0:26  Overlord  
  14  0:41  Drone, Spawning Pool  
  14  0:46  Drone  
  15  0:56  Drone  
  16  1:09  Drone  
  17  1:14  Extractor  
  17  1:18  Extractor  
  15  1:19  Drone  
  16  1:27  Queen  
  16  1:29  Drone  
  19  1:40  Drone  
  20  1:55  Drone  
  21  2:23  Drone  
  21  2:29  Overlord x2  
  22  2:38  Roach Warren  
  22  2:40  Spine Crawler, Queen  
  22  2:56  Spine Crawler  
  22  2:58  Spine Crawler  
  20  3:04  Zergling x2  
  20  3:05  Zergling x6  
  24  3:11  Zergling x2  
  25  3:16  Queen  
  27  3:43  Baneling Nest  
  26  4:04  Drone x3  
  29  4:29  Baneling x10  
  29  4:32  Roach x3  
  35  4:45  Roach  
  37  4:47  Overlord x3  
  37  5:00  Ravager  
  38  5:13  Hatchery  
  37  5:27  Zergling x10  
  37  5:28  Zergling x2  
  34  6:30  Roach x7  
  48  6:35  Roach  
  50  6:40  Zergling x6  
  51  6:53  Spine Crawler  
  50  6:54  Spine Crawler  
  49  7:02  Drone x2  
  49  7:39  Spine Crawler x2  
  47  7:45  Spine Crawler x2  
  45  8:05  Drone x3  
  47  8:06  Drone x2  
  19  8:52  Zergling x10  
  19  8:53  Zergling x12  
  30  9:08  Drone x2  
  32  9:15  Baneling  
  32  9:16  Baneling  
  32  9:26  Drone x3  
  22  9:55  Roach  
  22  9:56  Roach x2  
  22  9:58  Roach  
Tags
 
Add a new tag
Caveats
  • Supply blocks, unpowered buildings, or Contaminate may cause inaccurate times.
  • Supply counts are checked every 10 seconds.